AoeStats
← ITA | Raffy

Arena

510384749Analyzed
4v4 RM · 21h ago on Sep 30, 2026· 50m 51s· 8 players
Game mode
Random Map
Map size
Large (8 player)
Population
200
Speed
Normal
Resources
Standard
Victory
Conquest
Starting age
Dark Age
Ending age
Imperial Age
RankedLock teamsTeams togetherTeam positionsShared explorationLock speedFull tech treeHidden civsTurbo modeCheats
Victory
Defeat
🇮🇹 Burgundians · Italy
1435
+11
🇮🇹 Cumans · Italy
1375
+13
🇮🇹 Spanish · Italy
1285
+17
🇮🇹 Teutons · Italy
1258
+18
🇭🇺 Portuguese · Hungary
1408
-18
🇵🇱 Teutons · Poland
1343
-16
🇮🇱 Mongols · Israel
1259
-13
🇵🇹 Khmer · Portugal
1251
-12
Catipan Dixlesya
4:45 Double-Bit Axe
6:26 Horse Collar
11:02 Feudal Age
14:50 Castle Age
15:47 Scale Mail Armor
17:08 Chain Mail Armor
17:35 Squires
21:49 Arson
29:29 Wheelbarrow
29:34 Loom
30:38 Fortified Wall
35:40 Imperial Age
33:23 Loom
33:54 Bow Saw
33:51 Heavy Plow
34:49 Hand Cart
36:52 Plate Mail Armor
36:32 Forging
36:25 Padded Archer Armor
38:08 Chemistry
38:09 Town Watch
39:49 Burgundian Vineyards
40:04 Conscription
40:59 Crop Rotation
40:52 Leather Archer Armor
40:48 Forging
40:57 Devotion
41:30 Gold Mining
41:30 Stone Mining
43:22 Guilds
43:42 Coinage
43:09 Herbal Medicine
44:41 Stone Shaft Mining
44:42 Gold Shaft Mining
44:56 Fletching
45:42 Iron Casting
46:30 Hoardings
46:07 Masonry
49:43 Blast Furnace
48:38 Bodkin Arrow
[ALTF4] MuraZ
9:26 Loom
11:12 Feudal Age
18:04 Double-Bit Axe
20:25 Castle Age
32:50 Double-Bit Axe
36:13 Horse Collar
43:25 Imperial Age
41:34 Wheelbarrow
40:47 Town Watch
41:21 Gold Mining
41:33 Heavy Plow
41:45 Bow Saw
42:55 Scale Barding Armor
43:00 Forging
43:56 Chain Barding Armor
44:05 Bloodlines
43:56 Husbandry
43:41 Cavalier
44:54 Hand Cart
47:34 Chemistry
46:33 Stone Mining
47:43 Plate Barding Armor
49:19 Town Patrol
50:27 Iron Casting
49:52 Paladin
Roar
9:26 Feudal Age
10:50 Double-Bit Axe
11:17 Horse Collar
17:07 Loom
20:48 Wheelbarrow
22:45 Castle Age
20:45 Gold Mining
21:24 Scale Barding Armor
21:29 Forging
22:26 Bloodlines
22:19 Town Watch
24:03 Chain Barding Armor
24:18 Iron Casting
30:34 Bow Saw
32:13 Fletching
32:16 Stone Mining
36:46 Imperial Age
34:31 Bodkin Arrow
34:58 Ballistics
34:49 Masonry
34:34 Murder Holes
35:11 Fervor
35:12 Heavy Plow
34:39 Light Cavalry
38:06 Plate Barding Armor
38:31 Blast Furnace
36:53 Cavalier
36:53 Hussar
37:56 Hand Cart
37:42 Town Patrol
38:43 Chemistry
38:53 Gold Shaft Mining
38:49 Crop Rotation
39:21 Two-Man Saw
38:49 Conscription
38:32 Cuman Mercenaries
39:44 Hoardings
39:41 Steppe Husbandry
39:52 Padded Archer Armor
39:41 Sappers
39:44 Paladin
44:48 Leather Archer Armor
44:55 Caravan
45:26 Coinage
45:52 Guilds
48:10 Banking
48:18 Ring Archer Armor
47:49 Scale Mail Armor
47:13 Pikeman
47:38 Arson
47:54 Squires
47:14 Man-at-Arms
47:20 Elite Steppe Lancer
48:03 Heated Shot
48:23 Clinker Construction
48:24 Careening
48:20 Atonement
48:16 Herbal Medicine
48:21 Devotion
48:42 Sanctity
49:38 Parthian Tactics
49:01 Onager
49:02 Capped Ram
49:59 Chain Mail Armor
49:07 Long Swordsman
49:47 Crossbowman
50:33 Thumb Ring
49:50 Elite Skirmisher
49:50 Heavy Cavalry Archer
51:16 Plate Mail Armor
50:20 Halberdier
50:20 Two-Handed Swordsman
50:34 Two-Handed Swordsman
ITA | Raffy
10:48 Feudal Age
14:38 Castle Age
12:42 Double-Bit Axe
12:50 Horse Collar
15:49 Bow Saw
15:39 Loom
20:45 Wheelbarrow
22:12 Bloodlines
22:22 Heavy Plow
23:40 Scale Barding Armor
23:47 Gold Mining
25:42 Chain Barding Armor
25:55 Hand Cart
26:06 Forging
26:29 Stone Mining
28:19 Stone Shaft Mining
32:00 Imperial Age
29:22 Pikeman
30:02 Squires
29:55 Town Watch
31:05 Scale Mail Armor
31:40 Iron Casting
32:09 Chain Mail Armor
32:09 Arson
32:04 Halberdier
34:07 Blast Furnace
32:44 Onager
34:32 Conscription
34:47 Ironclad
35:26 Plate Mail Armor
35:08 Siege Engineers
39:57 Plate Barding Armor
39:12 Fletching
40:59 Crenellations
41:15 Masonry
42:08 Chemistry
41:20 Bodkin Arrow
40:56 Capped Ram
42:16 Guard Tower
42:46 Ballistics
42:14 Arrowslits
43:50 Hoardings
44:48 Keep
45:31 Arrowslits
49:26 Bombard Tower
51:31 Fortified Wall
Chungus
10:02 Feudal Age
13:51 Castle Age
12:15 Double-Bit Axe
13:02 Loom
18:12 Bow Saw
18:41 Horse Collar
23:27 Heavy Plow
24:10 Fortified Wall
28:04 Fletching
36:40 Imperial Age
38:25 Two-Man Saw
GoodFunHaveLuck
9:21 Feudal Age
8:57 Loom
11:02 Fletching
26:34 Castle Age
26:38 Double-Bit Axe
35:24 Fervor
40:31 Wheelbarrow
45:12 Imperial Age
43:08 Horse Collar
44:26 Ballistics
44:00 Guard Tower
44:31 Ballistics
44:05 Elite Skirmisher
45:03 Masonry
45:38 Bodkin Arrow
45:44 Padded Archer Armor
46:20 Crenellations
46:21 Conscription
45:58 Arrowslits
46:25 Fortified Wall
47:39 Keep
49:32 Hand Cart
49:03 Town Watch
50:21 Chemistry
Mike
11:03 Feudal Age
14:39 Castle Age
12:36 Double-Bit Axe
12:53 Horse Collar
15:29 Bow Saw
15:58 Loom
20:24 Loom
20:48 Heavy Plow
21:28 Wheelbarrow
22:40 Hand Cart
24:22 Fletching
24:33 Padded Archer Armor
25:17 Bodkin Arrow
26:13 Thumb Ring
30:47 Ballistics
30:37 Fortified Wall
33:40 Imperial Age
31:34 Leather Archer Armor
34:27 Elite Mangudai
35:09 Bracer
35:32 Gold Mining
37:59 Parthian Tactics
37:55 Drill
38:43 Gold Shaft Mining
37:58 Stone Mining
38:57 Capped Ram
39:52 Siege Ram
41:39 Husbandry
41:52 Bloodlines
41:51 Scale Barding Armor
41:57 Forging
42:53 Chemistry
42:21 Light Cavalry
44:44 Chain Barding Armor
44:59 Iron Casting
BARAKA wins!
11:48 Feudal Age
12:40 Loom
14:55 Castle Age
14:31 Double-Bit Axe
14:30 Horse Collar
16:35 Scale Barding Armor
20:00 Bloodlines
19:44 Gold Mining
22:49 Forging
23:22 Bow Saw
25:38 Chain Barding Armor
31:28 Wheelbarrow
32:39 Hand Cart
33:24 Gold Shaft Mining
33:55 Husbandry
34:40 Devotion
36:02 Iron Casting
38:39 Imperial Age
35:51 Pikeman
39:10 Heavy Plow
40:13 Plate Barding Armor
40:21 Man-at-Arms
41:55 Gold Shaft Mining
41:11 Stone Mining
42:46 Crop Rotation
42:25 Heavy Scorpion
43:33 Ballistics
44:15 Chemistry
45:15 Double Crossbow
45:36 Conscription
45:01 Light Cavalry
46:54 Masonry
46:49 Siege Engineers
Connection lost

Rejoining the realm…

Still unreachable

The connection could not be restored.

Session expired

The server has moved on; the page needs a fresh start.